 Dungeon Crawl Stone Soup version 0.19.5 (webtiles) character file.

8782 Enroth the Thaumaturge (level 11, -18/54 HPs)
             Began as a Deep Elf Earth Elementalist on Apr 8, 2017.
             Was a High Priest of Okawaru.
             Killed from afar by a rime drake (25 damage)
             ... with a flash freeze
             ... on level 1 of the Lair of Beasts.
             The game lasted 00:46:02 (8710 turns).

Enroth the Thaumaturge (DEEE)                       Turns: 8710, Time: 00:46:03

Health: -18/54     AC: 15    Str: 10 (11) XL:     11   Next: 14%
Magic:  17/30      EV: 13    Int: 24      God:    Okawaru [*****.]
Gold:   620        SH:  5    Dex: 15      Spells: 6 memorised, 11 levels left

rFire  + . .     SeeInvis .     t - staff of energy
rCold  . . .     Gourm    .     F - +1 mottled dragon scales
rNeg   . . .     Faith    +     I - +0 buckler {rF+}
rPois  +         Spirit   .     y - +2 hat
rElec  .         Reflect  .     C - +2 cloak of the Elven Halls {Str+6}
rCorr  .         Harm     .     (no gloves)
MR     +....                    D - +2 pair of boots
Stlth  ++........               G - amulet of faith
                                (no ring)
                                J - ring of poison resistance

@: no status effects
A: deterioration 1
a: Heroism, Finesse, Renounce Religion


You were on level 1 of the Lair of Beasts.
You worshipped Okawaru.
Okawaru was extremely pleased with you.
You were very hungry.

You visited 3 branches of the dungeon, and saw 12 of its levels.

You collected 620 gold pieces.

Inventory:

Hand Weapons
 p - the +10 dagger "Xamaud" {vamp, *Contam +Rage Int+9 Dex+3}
   (You found it on level 5 of the Dungeon)

   It inflicts no extra harm, but heals its wielder when it wounds a living foe.
   It affects your intelligence (+9).
   It affects your dexterity (+3).
   It lets you go berserk.
   It causes magical contamination when unequipped.
Missiles
 b - 47 stones (quivered)
Armour
 y - a +2 hat (worn)
 C - the +2 cloak of the Elven Halls (worn) {Str+6}
   (Okawaru gifted it to you on level 8 of the Dungeon)

   It affects your strength (+6).
 D - a +2 pair of boots (worn)
 F - +1 mottled dragon scales (worn)
 I - a +0 buckler of fire resistance (worn)
Magical Staves
 t - an uncursed staff of energy (weapon)
Jewellery
 G - an amulet of faith (around neck)
 J - a ring of poison resistance (left hand)
Wands
 i - a wand of polymorph (6/24)
 x - a wand of hasting (4/9)
 A - a wand of enslavement (6/24)
 E - a wand of acid (3/15)
Scrolls
 c - a scroll of fear
 h - 2 scrolls of amnesia
 o - 2 scrolls of recharging
 q - a scroll of magic mapping
 r - a scroll of teleportation
 s - 4 scrolls of remove curse
 v - 4 scrolls of identify
 B - 3 scrolls of enchant weapon
Potions
 a - 2 potions of curing
 f - a potion of magic
 g - a potion of haste
 k - a potion of agility
 l - a potion of cure mutation
 u - a potion of brilliance
Books
 e - a book of Clouds

   Spells                             Type                      Level
   a - Mephitic Cloud                 Conjuration/Poison/Air       3
   b - Conjure Flame                  Conjuration/Fire             3
   c - Poisonous Cloud                Conjuration/Poison/Air       6
   d - Freezing Cloud                 Conjuration/Ice/Air          6
   e - Ring of Flames                 Charms/Fire                  7
 H - a book of Minor Magic

   Spells                             Type                      Level
   a - Magic Dart                     Conjuration                  1
   b - Blink                          Translocation                2
   c - Call Imp                       Summoning                    2
   d - Repel Missiles                 Charms/Air                   2
   e - Slow                           Hexes                        2
   f - Conjure Flame                  Conjuration/Fire             3
   g - Mephitic Cloud                 Conjuration/Poison/Air       3
Comestibles
 d - 10 bread rations
 j - 7 meat rations
 m - a fruit
 z - 9 beef jerkies


   Skills:
 + Level 0.1 Fighting
 + Level 1.5 Armour
 + Level 3.4 Dodging
 + Level 3.4 Stealth
 + Level 5.0 Shields
 + Level 13.3 Spellcasting
 + Level 6.1 Conjurations
 * Level 5.2 Summonings
 + Level 1.1 Transmutations
 + Level 10.6 Earth Magic


You had 11 spell levels left.
You knew the following spells:

 Your Spells              Type           Power        Failure   Level  Hunger
a - Sandblast             Erth           ######       1%          1    None
b - Stone Arrow           Conj/Erth      ######       1%          3    None
c - Lee's Rapid Deconstr  Erth           ######....   1%          5    None
d - Petrify               Tmut/Erth      #####...     8%          4    None
e - Dragon's Call         Summ           #####.....   100%        9    None
f - Ignite Poison         Fire/Tmut/Pois ###.....     17%         3    None


Dungeon Overview and Level Annotations

Branches:
Dungeon (9/15)             Temple (1/1) D:6            Lair (2/6) D:9
  Swamp: Lair:2-4    Shoals: Lair:2-4     Snake: Lair:2-4    Spider: Lair:2-4
    Orc: D:9-12

Altars:
Ashenzari
Cheibriados
Dithmenos
Elyvilon
Fedhas
Gozag
Hepliaklqana
Kikubaaqudgha
Makhleb
Nemelex Xobeh
Okawaru
Qazlal
Ru
Sif Muna
Trog
Uskayaw
Vehumet
Xom
Yredelemnul
Zin
The Shining One

Shops:
D:4 *[   D:8 ((


Innate Abilities, Weirdness & Mutations

Your body sometimes deteriorates upon taking damage.


Message History

The rime drake bites the plant.
The komodo dragon barely misses you.
The rime drake bites the plant.
Casting: Stone Arrow
Confirm with . or Enter, or press ? or * to list all spells.
Aiming: Stone Arrow
Press: ? - help, Shift-Dir - straight line, f/p - komodo dragon
Aim: a komodo dragon (almost dead)
Okay, then.
Okay, then.
Casting: Stone Arrow
Confirm with . or Enter, or press ? or * to list all spells.
Aiming: Stone Arrow
Press: ? - help, Shift-Dir - straight line, f/p - komodo dragon
Aim: a komodo dragon (almost dead)
The stone arrow hits the komodo dragon.
You kill the komodo dragon!
Okawaru accepts your kill. The rime drake breathes ice at you.
The flash freeze hits you!
You die...

.### #.....#...P...# ##
#......##.....## #
##....####.....# #### #...##
#...#### #..#### ##..#
###..# #.....## #..##
#[...## .......#### ##k.#
#.....## ......♣.♣.# #P†##
#...#..# ♣...P♣.♣..♣♣####@#
#.####.# .♣PP.P.♣♣♣♣P♣§##.#
### ##.# P..♣....♣♣♣§§P...##
#####..#
.♣P♣..♣.♣.♣♣§♣....###......#
.P♣♣♣.♣.P.♣.♣P.#.#.........#
PPP♣.♣♣.♣.P♣..P♣..........##
♣P.♣P.♣.P♣.♣PP♣...<..P####.#
..♣..♣♣.♣.♣.♣♣.♣....### ###
..♣.♣P♣♣♣♣♣♣.P...####


You could see a rime drake.

Vanquished Creatures
  Pikel (D:6)
  The ghost of Enroth the Thaumaturge, a novice DEFE of Sif Muna (D:7)
  A spiny frog (Lair:1)
  2 komodo dragons (Lair:1)
  A hornet (D:9)
  A hippogriff (Lair:1)
  Sigmund (D:4)
  A wyvern (D:8)
  2 spriggans (Lair:1)
  4 yaks
  Eustachio (D:6)
  A mottled dragon (D:7)
  4 water moccasins
  3 orc warriors
  A phantom (D:8)
  3 slaves (D:6)
  4 sky beasts
  6 black bears
  4 ogres
  2 wolves (Lair:1)
  7 centaurs
  2 big kobolds
  6 bullfrogs
  10 killer bees
  2 scorpions
  7 howler monkeys
  2 crimson imps (D:8)
  A jelly (D:5)
  7 hounds
  6 orc priests
  6 orc wizards
  A bullfrog skeleton (D:7)
  6 iguanas
  6 worker ants
  A killer bee zombie (D:9)
  A hound zombie (D:8)
  2 hound skeletons
  A worker ant zombie (D:6)
  2 gnolls (D:3)
  7 adders
  3 river rats (D:9)
  4 shadow imps
  3 oozes
  An adder skeleton (D:9)
  4 worms
  3 dart slugs
  5 leopard geckos
  21 orcs
  23 bats
  7 giant cockroaches
  4 goblins
  10 hobgoblins
  14 jackals
  22 kobolds
  6 quokkas
  2 ball pythons
  4 frilled lizards
  A jackal skeleton (D:4)
  A leopard gecko skeleton (D:4)
  A leopard gecko zombie (D:7)
  12 rats
278 creatures vanquished.

Vanquished Creatures (others)
  5 plants (Lair:1)
5 creatures vanquished.

Grand Total: 283 creatures vanquished

Notes
Turn   | Place    | Note
-------+----------+-------------------------------------------
     0 | D:1      | Enroth the Deep Elf Earth Elementalist began the quest for the Orb.
     0 | D:1      | Reached XP level 1. HP: 10/10 MP: 6/6
    96 | D:1      | Reached XP level 2. HP: 13/15 MP: 0/8
   318 | D:1      | Reached XP level 3. HP: 19/19 MP: 2/10
   862 | D:2      | Reached skill level 4 in Spellcasting
  1245 | D:2      | Reached XP level 4. HP: 24/24 MP: 9/12
  1614 | D:3      | Found an iron altar of Okawaru.
  1683 | D:3      | Reached skill level 5 in Spellcasting
  1713 | D:3      | Became a worshipper of Warmaster Okawaru
  2238 | D:4      | Reached XP level 5. HP: 28/28 MP: 12/14
  2247 | D:4      | Learned a level 3 spell: Stone Arrow
  2254 | D:4      | Learned a level 5 spell: Lee's Rapid Deconstruction
  2259 | D:4      | Learned a level 4 spell: Petrify
  2285 | D:4      | Gained mutation: You have a beak for a mouth. [potion of mutation]
  2285 | D:4      | Gained mutation: You are agile. (Dex +2) [potion of mutation]
  2285 | D:4      | Gained mutation: You are dopey. (Int -2) [potion of mutation]
  2286 | D:4      | Lost mutation: You are agile. (Dex +2) [potion of cure mutation]
  2286 | D:4      | Lost mutation: You have a beak for a mouth. [potion of cure mutation]
  2286 | D:4      | Lost mutation: You are dopey. (Int -2) [potion of cure mutation]
  2304 | D:4      | Reached skill level 5 in Earth Magic
  2326 | D:4      | Noticed an ogre
  2330 | D:4      | Killed an ogre
  2330 | D:4      | Reached skill level 1 in Shields
  2332 | D:4      | Noticed Sigmund
  2376 | D:4      | Killed Sigmund
  2376 | D:4      | Reached * piety under Okawaru
  2376 | D:4      | Reached skill level 6 in Spellcasting
  2376 | D:4      | Reached XP level 6. HP: 22/32 MP: 8/17
  2477 | D:4      | Found Caiwk's Serpentskin Sales.
  2477 | D:4      | Noticed a water moccasin
  2484 | D:4      | Killed a water moccasin
  2484 | D:4      | Reached ** piety under Okawaru
  2484 | D:4      | Reached skill level 7 in Spellcasting
  2484 | D:4      | Reached XP level 7. HP: 23/36 MP: 11/19
  2579 | D:4      | Found Wibuinlu's Antique Armour Boutique.
  3015 | D:4      | Found a stormy altar of Qazlal.
  3015 | D:4      | Found a burning altar of Makhleb.
  3141 | D:5      | Entered Level 5 of the Dungeon
  3342 | D:5      | You fall through a shaft!
  3343 | D:6      | Noticed Eustachio
  3350 | D:6      | Killed Eustachio
  3350 | D:6      | Reached skill level 8 in Spellcasting
  3350 | D:6      | Reached skill level 1 in Conjurations
  3358 | D:6      | Noticed Pikel
  3517 | D:6      | Found a staircase to the Ecumenical Temple.
  3541 | Temple   | Entered the Ecumenical Temple
  3970 | D:6      | Reached XP level 8. HP: 41/41 MP: 19/22
  4031 | D:6      | Killed Pikel
  4031 | D:6      | Reached *** piety under Okawaru
  4031 | D:6      | Received a gift from Okawaru
  4031 | D:6      | Reached skill level 9 in Spellcasting
  4184 | D:5      | Noticed an angel
  4185 | D:5      | Found a shimmering altar of Xom.
  4185 | D:5      | Found a glowing silver altar of Zin.
  4299 | D:5      | Got a slimy dagger
  4300 | D:5      | Identified the +10 dagger "Xamaud" {vamp, *Contam +Rage Int+9 Dex+3} (You found it on level 5 of the Dungeon)
  4808 | D:6      | Found a bloodstained altar of Trog.
  4811 | D:6      | Received a gift from Okawaru
  4811 | D:6      | Reached skill level 10 in Spellcasting
  4814 | D:6      | Reached XP level 9. HP: 45/45 MP: 18/25
  4872 | D:6      | Found a basalt altar of Yredelemnul.
  5413 | D:7      | Reached **** piety under Okawaru
  5417 | D:7      | Identified Tuixt's Papyrus of Supportive Moulding
  5455 | D:7      | Learned a level 9 spell: Dragon's Call
  5523 | D:7      | Reached skill level 5 in Conjurations
  5526 | D:7      | Reached skill level 1 in Summonings
  5599 | D:7      | Noticed Enroth's ghost (novice DEFE)
  5606 | D:7      | Killed Enroth's ghost
  5606 | D:7      | Reached skill level 11 in Spellcasting
  5710 | D:7      | Learned a level 3 spell: Ignite Poison
  5967 | D:7      | Reached ***** piety under Okawaru
  6075 | D:7      | Reached XP level 10. HP: 39/50 MP: 19/27
  6265 | D:8      | Received a gift from Okawaru
  6268 | D:8      | Got a bloodstained cloak {god gift}
  6269 | D:8      | Identified the +2 cloak of the Elven Halls {Str+6} (Okawaru gifted it to you on level 8 of the Dungeon)
  6360 | D:8      | Found Teap's Antique Weapon Shoppe.
  6584 | D:8      | Found Kipn's Antique Weapon Shoppe.
  6845 | D:9      | Reached skill level 12 in Spellcasting
  6878 | D:9      | Reached skill level 10 in Earth Magic
  7112 | D:9      | Reached skill level 5 in Shields
  7306 | D:9      | Found a staircase to the Lair.
  7563 | D:9      | Found a shimmering altar of Xom.
  7655 | Lair:1   | Entered Level 1 of the Lair of Beasts
  7727 | Lair:1   | Noticed a spiny frog
  7734 | Lair:1   | Killed a spiny frog
  7734 | Lair:1   | Reached skill level 1 in Armour
  7836 | Lair:1   | Reached skill level 13 in Spellcasting
  8029 | Lair:1   | Noticed an eight-headed hydra
  8079 | Lair:1   | Gained mutation: Your body sometimes deteriorates upon taking damage. [mutagenic glow]
  8080 | Lair:1   | Found a shimmering altar of Xom.
  8101 | Lair:1   | Reached XP level 11. HP: 48/54 MP: 17/30
  8172 | Lair:1   | Reached skill level 5 in Summonings
  8644 | Lair:2   | Noticed a seven-headed hydra
  8710 | Lair:1   | Killed from afar by a rime drake

Skill      XL: |  1  2  3  4  5  6  7  8  9 10 11 |
---------------+----------------------------------+-----
Earth Magic    | 4 5 6 7 9 10 | 10.6
Spellcasting   | 4 5 6 7 8 10 11 13 | 13.3
Shields        | 1 2 3 4 5 |  5.0
Conjurations   | 2 4 5 6 |  6.1
Stealth        | 3 |  3.4
Summonings     | 2 4 5 |  5.2
Dodging        | 3 |  3.4
Armour         | 1 |  1.5
Fighting       | |  0.1
Transmutations | |  1.1

Action                   |  1- 3 |  4- 6 |  7- 9 | 10-12 || total
-------------------------+-------+-------+-------+-------++-------
Melee: Dagger            |       |       |       |    15 ||    15
       Staff             |       |       |       |     3 ||     3
 Cast: Sandblast         |    67 |    50 |   162 |   139 ||   418
       Stone Arrow       |       |       |     3 |    57 ||    60
       Lee's Rapid Decon |       |       |     3 |     3 ||     6
  Use: Scroll            |       |    11 |     5 |     5 ||    21
       Potion            |       |     8 |     4 |     4 ||    16
  Eat: Chunk             |     1 |     4 |    11 |     6 ||    22
       Fruit             |       |       |       |     3 ||     3
       Pizza             |       |       |       |     2 ||     2
Armor: Robe              |     6 |     3 |     9 |       ||    18
       Mottled dragon sc |       |       |    11 |    51 ||    62
Dodge: Dodged            |    17 |    16 |    26 |    70 ||   129
Block: Buckler           |       |       |       |    28 ||    28
